Description

Winter's starting build order for Terran

VOD

https://www.youtube.com/watch?v=6-smvhKhMxs&list=PLwbYN4KQt2Wb_laOfhbP3xb4J9lCiIjCz&index=9&t=0s

Build Order

Get SALT Encoding   

  13  0:02  SCV  
  14  0:18  Supply Depot  
  16  0:40  Barracks  
  16  0:45  Refinery  
  19  1:30  Orbital Command  
  20  1:31  Reaper  
  20  1:45  Command Center  
  23  2:10  Factory  
  23  2:13  Supply Depot  
  23  2:25  Barracks Reactor continuous marine production once Reactor finishes  
  23  2:30  Refinery  
  25  3:00  Orbital Command  
  27  3:03  Starport  
  34  3:30  Factory Tech Lab  
  41  3:45  Liberator  
  45  3:56  Supply Depot  
  45  4:00  Siege Tank  
  52  4:24  Command Center  
  55  4:28  Viking  
  62  4:41  Siege Tank  
  63  4:48  Supply Depot  
  64  4:54  Engineering Bay  
  68  5:08  Barracks  
  69  5:11  Starport Reactor Lift Factory off Tech Lab  
  69  5:20  Barracks build on techlab from the Factory  
  71  5:25  Action Land Factory with tech LAB  
  75  5:38  Refinery Third and 4th  
  76  5:45  Orbital Command  
  83  6:02  Action Lift off Starport and build on reactor  
  83  6:06  Action Lift 2nd Racks and Land on Starport old reactor  
  83  6:08  Engineering Bay  
  101  6:41  Barracks x2 tech lab one, reactor the other  
  109  7:16  Armory, Action Start +1 weapons & Stim  
  141  8:10  Action As Armory finishes start +1 Vehicle Weapons and +2 Infantry Weapons  
  171  9:03  Command Center  
  172  9:05  Action hit 200 supply at about 10 minutes  
Spawning Tool Build Advisor. Get it on Overwolf

Go to:

Details

  • Created by: Krycola
  • Published on: Jul 23, 2019
  • Modified on: Jul 23, 2019
  • Patch: 4.7.1
  • Difficulty: Easy
Show
View Real Time Build Order
Export as new Build Order

Comments (1)

On June 22, 2020, 3:21 a.m., varum  said:

Thanks for this, I used it as a base to update to his latest guide (2020):
https://lotv.spawningtool.com/build/124236/

Create an account to comment!